 Dungeon Crawl Stone Soup version 0.27-a0-1378-gdefffd1ff6 (webtiles) character file.

Game seed: 8489851627924712084

3849 dinky3 the Cleaver (level 9, -6/126 HPs)
             Began as a Minotaur Berserker on June 29, 2021.
             Was an Elder of Trog.
             Mangled by an orc warrior (8 damage)
             ... in a bailey.
             The game lasted 00:11:32 (2274 turns).

dinky3 the Cleaver (Minotaur Berserker)             Turns: 2274, Time: 00:11:33

Health: -6/126     AC: 15    Str: 22      XL:     9   Next: 98%
Magic:  17/17      EV:  7    Int:  6 (7)  God:    Trog [****..]
Gold:   298        SH:  0    Dex: 10      Spells: 8/8 levels left

rFire    . . .     SeeInvis .   a - +0 battleaxe
rCold    . . .     Faith    .   (shield currently unavailable)
rNeg     . . .     Spirit   .   C - +0 plate armour
rPois    .         Reflect  .   (helmet restricted)
rElec    .         Harm     .   (no cloak)
rCorr    .         Rampage  .   (no gloves)
Will     .....                  (no boots)
Stlth    ..........             (no amulet)
HPRegen  0.31/turn              q - ring of magical power
MPRegen  0.15/turn              (no ring)

@: berserking, very quick
A: horns 2, retaliatory headbutt, talons 1, iridescent scales 1, camouflage 1,
deterioration 1, sense surroundings 1
a: Renounce Religion, Berserk, Trog's Hand, Brothers in Arms


You were in a bailey.
You worshipped Trog.
Trog was greatly pleased with you.
You visited 1 branch of the dungeon, and saw 10 of its levels.
You also visited: Ossuary and Bailey.

You collected 298 gold pieces.

Inventory:

Hand Weapons
 a - a +0 battleaxe (weapon)
 j - a +2 vampiric dagger
 F - a +0 war axe
Missiles
 i - 12 poisoned darts
 k - a curare-tipped dart
 m - 6 silver javelins
Armour
 b - a +0 buckler
 C - a +0 plate armour (worn)
Jewellery
 q - a ring of magical power (left hand)
Wands
 D - a wand of charming (8)
 E - a wand of polymorph (7)
 G - a wand of mindburst (16)
Scrolls
 f - a scroll of enchant weapon
 h - 2 scrolls of immolation {unknown}
 n - 2 scrolls of fog {unknown}
 p - a scroll of blinking {unknown}
 u - a scroll of noise
 w - a scroll of magic mapping {unknown}
 x - a scroll of teleportation
 y - a scroll of holy word {unknown}
 A - a scroll of enchant armour {unknown}
 H - a scroll of identify
Potions
 c - a potion of brilliance
 d - a potion of lignification
 e - a potion of mutation
 g - a potion of berserk rage
 l - 4 potions of curing
 o - 2 potions of attraction {unknown}
 r - 2 potions of might {unknown}
 s - a potion of haste {unknown}
 t - 2 potions of cancellation {unknown}
 v - a potion of degeneration {unknown}
 z - 2 potions of resistance {unknown}
 B - a potion of magic {unknown}


   Skills:
 + Level 9.5 Fighting
 * Level 12.5 Axes
 + Level 8.4 Armour
 - Level 2.1 Dodging


You had 8 spell levels left.
You didn't know any spells.
Your spell library contained the following spells:

 Spells                   Type           Power      Damage    Failure   Level
 Corona                   Hex            0%         N/A       100%        1
 Foxfire                  Conj/Fire      0%         2x1d4     100%        1
 Freeze                   Ice            0%         1d3       100%        1
 Slow                     Hex            0%         N/A       100%        2
 Ignite Poison            Fire/Tmut/Pois 0%         N/A       100%        3
 Inner Flame              Hex/Fire       0%         N/A       100%        3
 Portal Projectile        Hex/Tloc       0%         N/A       100%        3
 Cause Fear               Hex            0%         N/A       100%        4
 Leda's Liquefaction      Hex/Erth       0%         N/A       100%        4
 Sticky Flame             Conj/Fire      0%         2d3       100%        4
 Polar Vortex             Ice            0%         N/A       100%        9


Dungeon Overview and Level Annotations

Branches:
Dungeon (10/15)           Ossuary (visited)          Bailey (1/1)
 Temple: D:4-7         Lair: D:8-11         Orc: D:9-12

Altars:
Nemelex Xobeh
Okawaru
Vehumet

Shops:
D:10 ?

Annotations:
D:6 2 transporters, Eustachio; atabob's ghost, novice DDNe Bailey 3 runed translucent doors


Innate Abilities, Weirdness & Mutations

You have a pair of horns on your head.
You reflexively headbutt those who attack you in melee.
You have sharp toenails.
You are partially covered in iridescent scales. (AC +2)
Your skin changes colour to match your surroundings (Stealth+).
Your body sometimes deteriorates upon taking damage.
You passively map a small area around you.


Message History

You kill the orc!
Trog accepts your kill.
The kobold throws a boomerang.
The boomerang hits you but does no damage.
The orc warrior hits you with a +0 war axe!
* * * LOW HITPOINT WARNING * * *
Your body deteriorates!
You feel dopey.
Found a scroll of teleportation.
Things that are here:
a +0 hand axe; a +0 leather armour; an orc corpse You barely miss the orc warrior.
You claw the orc warrior, but do no damage.
You slash the orc!
You kill the orc!
Trog accepts your kill.
The kobold throws a boomerang.
The boomerang hits you.
* * * LOW HITPOINT WARNING * * *
The orc warrior hits you with a +0 war axe.
* * * LOW HITPOINT WARNING * * *
You hit the orc warrior but do no damage.
You claw the orc warrior, but do no damage.
The kobold throws a boomerang.
The boomerang barely misses you.
The orc warrior hits you with a +0 war axe!
* * * LOW HITPOINT WARNING * * *
Okay, then.
Okay, then.
A red film seems to cover your vision as you go berserk!
You feel yourself moving faster!
You feel mighty!
The orc warrior hits you with a +0 war axe!
* * * LOW HITPOINT WARNING * * *
The kobold barely misses you.
You closely miss the orc warrior. You slash the kobold!
You kill the kobold!
Trog accepts your kill. The orc warrior barely misses you.
You barely miss the orc warrior. You claw the orc warrior!
You headbutt the orc warrior.
The orc warrior is heavily wounded.
The orc warrior hits you with a +0 war axe!
You die...

##### #### ##...##
*#..!## ##.....##
##....?##
##.......#######.......#
#..8..8..........(8..8.?
................@o......
.................)......
*
...8......#+++#......8..
#......####≈≈≈####......
##.....#≈≈≈≈≈≈≈≈≈#.....#
.##.())#≈.8...8.≈#....##
* ..###(###.......##
'### .K≈≈≈.# ≈.8...8.≈
.≈ , .K≈≈≈.# , ,


You could see an orc warrior.

Vanquished Creatures
  Joseph (D:9)
  6 yaks (D:10)
  2 ice beasts
  4 orc warriors
  A sky beast (D:6)
  2 ogres (D:6)
  2 necrophages
  2 centaurs
  A phantom (D:7)
  A kobold brigand (D:9)
  A gnoll sergeant (D:9)
  A scorpion (D:7)
  3 water moccasin zombies (Ossuary)
  5 killer bees
  2 hounds (D:7)
  A bullfrog zombie (D:6)
  A centaur zombie (D:9)
  A jelly (D:5)
  3 orc priests
  2 bullfrog skeletons (D:5)
  2 iguanas
  Natasha (twice) (D:3)
  2 orc wizards
  3 mummies
  5 adders
  5 gnolls
  A white imp (D:7)
  An ufetubus (D:7)
  2 adder zombies (Ossuary)
  2 worms (D:2)
  2 dart slugs (D:3)
  19 orcs
  6 bats
  7 endoplasms
  3 giant cockroaches (D:3)
  5 gnoll zombies (Ossuary)
  12 goblins
  11 jackals
  16 kobolds
  A quokka (D:3)
  3 ball pythons
  2 frilled lizards (D:2)
  4 hobgoblin zombies (Ossuary)
  10 kobold zombies (Ossuary)
  4 orc zombies (Ossuary)
  A rat (D:2)
173 creatures vanquished.

Vanquished Creatures (collateral kills)
  2 killer bees (D:9)
2 creatures vanquished.

Vanquished Creatures (others)
  2 killer bees (D:9)
  A plant (D:3)
3 creatures vanquished.

Grand Total: 178 creatures vanquished

Notes
Turn   | Place    | Note
-------+----------+-------------------------------------------
     0 | D:1      | dinky3 the Minotaur Berserker began the quest for the Orb.
     0 | D:1      | Reached XP level 1. HP: 19/19 MP: 0/0
    83 | D:1      | Reached skill level 4 in Axes
    92 | D:1      | Reached XP level 2. HP: 27/27 MP: 1/1
   247 | D:2      | Reached XP level 3. HP: 33/33 MP: 2/2
   315 | D:2      | Reached ** piety under Trog
   352 | D:2      | Reached skill level 5 in Axes
   389 | D:3      | Reached XP level 4. HP: 41/41 MP: 3/3
   404 | D:2      | HP: 3/61 [orc (3)]
   485 | D:3      | Noticed Natasha
   492 | D:3      | Killed Natasha
   493 | D:3      | Reached skill level 6 in Axes
   512 | D:3      | Noticed Natasha
   546 | D:3      | Killed Natasha
   547 | D:3      | Reached skill level 5 in Fighting
   547 | D:3      | Reached XP level 5. HP: 46/48 MP: 4/4
   774 | D:4      | Found a sand-covered staircase.
   784 | Ossuary  | Entered an ossuary
   808 | Ossuary  | Reached *** piety under Trog
   837 | Ossuary  | Reached XP level 6. HP: 56/56 MP: 5/5
   868 | Ossuary  | Reached skill level 7 in Axes
   976 | D:4      | Got the Volume of the Scorching Snowflakes
  1055 | D:5      | Entered Level 5 of the Dungeon
  1102 | D:6      | Noticed a sky beast
  1115 | D:6      | Killed a sky beast
  1116 | D:6      | Reached XP level 7. HP: 63/63 MP: 6/6
  1183 | D:5      | Found a radiant altar of Vehumet.
  1261 | D:5      | Reached skill level 8 in Axes
  1396 | D:6      | Noticed Eustachio
  1434 | D:6      | Found a transporter.
  1436 | D:6      | Noticed atabob's ghost (novice DDNe)
  1448 | D:6      | Reached skill level 9 in Axes
  1448 | D:6      | Reached skill level 5 in Armour
  1454 | D:6      | Reached XP level 8. HP: 19/71 MP: 7/7
  1469 | D:6      | Found a transporter.
  1610 | D:7      | Reached skill level 10 in Axes
  1872 | D:9      | Gained mutation: You are agile. (Dex +2) [potion of
                  | mutation]
  1872 | D:9      | Gained mutation: Your skin changes colour to match your
                  | surroundings (Stealth+). [potion of mutation]
  1872 | D:9      | Gained mutation: You are frail. (-10% HP) [potion of
                  | mutation]
  1873 | D:9      | Lost mutation: You are frail. (-10% HP) [potion of
                  | mutation]
  1873 | D:9      | Lost mutation: You are agile. (Dex +2) [potion of mutation]
  1873 | D:9      | Gained mutation: Your body sometimes deteriorates upon
                  | taking damage. [potion of mutation]
  1873 | D:9      | Gained mutation: You have sharp toenails. [potion of
                  | mutation]
  1873 | D:9      | Gained mutation: You passively map a small area around you.
                  | [potion of mutation]
  1873 | D:9      | Gained mutation: You are partially covered in iridescent
                  | scales. (AC +2) [potion of mutation]
  1966 | D:8      | Found a sparkling altar of Nemelex Xobeh.
  1966 | D:8      | Found an iron altar of Okawaru.
  1984 | D:9      | Reached XP level 9. HP: 81/81 MP: 8/8
  1985 | D:9      | Reached skill level 11 in Axes
  2005 | D:9      | Noticed Joseph
  2013 | D:9      | Killed Joseph
  2046 | D:9      | Reached **** piety under Trog
  2095 | D:10     | Entered Level 10 of the Dungeon
  2115 | D:10     | Found Kuyn's Magic Scroll Shop.
  2129 | D:10     | Found a flagged portal.
  2139 | D:10     | Reached skill level 12 in Axes
  2183 | Bailey   | Entered a bailey
  2188 | Bailey   | Noticed an orc warlord
  2253 | Bailey   | Found a runed translucent gate.
  2258 | Bailey   | Found a runed translucent gate.
  2259 | Bailey   | Found a runed translucent gate.
  2272 | Bailey   | HP: 2/126 [orc warrior (13)]
  2274 | Bailey   | Mangled by an orc warrior

Illustrated notes

Levels and vault maps discovered:
D:1:      evilmike_arrival_fibonacci_small, layout_basic,
          basic_ecumenical_altar, serial_shops, nicolae_diamond_shop,
          nrook_loot_triangle
D:2:      layout_loops_ring, basic_altar, minmay_puff
D:3:      cheibrodos_old_hovel, layout_rooms, uniq_natasha
D:4:      layout_cave_pods, lemuel_temple_firewalk_a, serial_shops,
          nicolae_shop_waterfront, nicolae_ossuary_entry_giza,
          chequers_serial_rivers_micro_e
D:5:      lemuel_ratsnest, layout_layer_cave, pf_just_have_faith,
          chequers_jeans, hex_medium
D:6:      layout_layer_cave, fedhas_altar_fruit_tree, hangedman_ru_absence,
          gammafunk_ghost_stat_death, uniq_edmund, uniq_eustachio, uniq_duvessa
D:7:      layout_basic, overflow_temple_1_default, bloody_makhleb
D:8:      layout_loops_ring, nicolae_overflow_hidden_temple, led_sif_book,
          serial_shops, shop
D:9:      layout_cave_pods, marbit_many_paths, uniq_joseph
D:10:     layout_cave_pools, nicolae_qazlal_eye_of_the_storm, serial_shops,
          shop, shop, nicolae_shop_statue_plus, gammafunk_ghost_split,
          enter_bailey_3, grunt_ministairs_11, uniq_fannar
Bailey:   bailey_axe_bossmonster_kennysheep, bailey

Skill      XL: |  1  2  3  4  5  6  7  8  9 |
---------------+----------------------------+-----
Axes           | 4 5 6 7 9 10 12 | 12.5
Fighting       | 4 5 6 8 9 |  9.5
Armour         | 3 4 5 6 8 |  8.4
Dodging        | |  2.1

Action                   |  1- 3 |  4- 6 |  7- 9 || total
-------------------------+-------+-------+-------++-------
Melee: Hand axe          |    51 |   147 |    86 ||   284
       Headbutt          |     8 |    32 |    26 ||    66
       Unarmed           |       |     7 |       ||     7
       War axe           |       |       |    22 ||    22
       Kick              |       |       |    19 ||    19
       Battleaxe         |       |       |    57 ||    57
Throw: Dart              |       |       |     1 ||     1
Invok: Berserk           |     3 |     4 |    10 ||    17
       Trog's Hand       |     1 |     1 |     9 ||    11
Evoke: Wand              |       |       |     5 ||     5
  Use: Potion            |       |     1 |     2 ||     3
       Scroll            |       |     2 |     5 ||     7
Armor: Animal skin       |    16 |     6 |       ||    22
       Skin              |       |    22 |       ||    22
       Chain mail        |       |    56 |    81 ||   137
       Plate armour      |       |       |    68 ||    68
Dodge: Dodged            |    56 |    79 |    84 ||   219

Table legend: (Time is in decaauts)
 A = Elapsed time spent in this place.
 B = Non-inter-level travel time spent in this place.
 C = Inter-level travel time spent in this place.
 D = Time resting spent in this place.
 E = Time spent auto-exploring this place.
 F = Levels seen in this place.
 G = Mean time per level.
                   A        B        C        D        E       F      G
               +--------+--------+--------+--------+--------+-----+--------+
         Total |   2427 |   2427 |      0 |      0 |      0 |  12 |  202.2 |
       Dungeon |   2160 |   2160 |      0 |      0 |      0 |  10 |  216.0 |
       Ossuary |    175 |    175 |      0 |      0 |      0 |   1 |  175.0 |
        Bailey |     92 |     92 |      0 |      0 |      0 |   1 |   92.0 |
               +--------+--------+--------+--------+--------+-----+--------+

Top non-repeatable levels by time:
     D:2: 424 daAuts
     D:9: 302 daAuts
     D:3: 276 daAuts
     D:6: 261 daAuts
     D:5: 256 daAuts
     D:7: 234 daAuts
 Ossuary: 175 daAuts
     D:4: 130 daAuts
     D:1: 110 daAuts
    D:10: 96 daAuts
  Bailey: 92 daAuts
     D:8: 66 daAuts
